Map: Dusk Towers

Players

MorN - Winner!

  • Race: Terran Terran
  • League: Master

Mariuslol

  • Race: Zerg Zerg
  • League: Master

VOD

Have the link to the VOD?

Description

Time

  • Played on: Nov. 23, 2015, 9:20 p.m.
  • Length: 12:05
Show
View Real Time Build Order
Export as new Build Order

MorN Terran - Winner!

Build Orders: Reaper Expand, MMM Bio 

Get SALT Encoding   

  12  0:00  SCV  
  13  0:12  SCV  
  14  0:17  Supply Depot  
  14  0:25  SCV  
  15  0:39  SCV  
  15  0:41  Barracks  
  16  0:44  Refinery  
  16  0:51  SCV  
  17  1:03  SCV  
  18  1:15  SCV  
  19  1:28  Reaper, Orbital Command  
  20  1:40  Command Center  
  20  1:54  SCV  
  20  2:01  Barracks Reactor  
  21  2:06  SCV  
  22  2:14  Command Center  
  22  2:22  SCV  
  23  2:23  Supply Depot  
  23  2:45  SCV, Marine x2  
  23  2:48  Factory  
  26  2:53  Orbital Command  
  26  2:57  SCV  
  27  3:09  SCV, Marine x2  
  29  3:19  SCV, Refinery  
  30  3:21  SCV  
  30  3:27  Orbital Command, Marine x2  
  31  3:31  SCV  
  31  3:33  SCV, Starport  
  35  3:37  Factory Tech Lab  
  35  3:43  SCV  
  35  3:45  SCV  
  35  3:46  Marine x2  
  39  3:54  SCV  
  40  3:55  SCV, Siege Tank  
  40  3:58  SCV  
  40  4:01  Supply Depot  
  45  4:06  SCV, Marine  
  45  4:07  Marine  
  48  4:14  Viking  
  48  4:15  SCV x2  
  52  4:18  SCV  
  53  4:27  SCV x2  
  53  4:30  SCV  
  56  4:35  Factory Tech Lab  
  56  4:39  SCV  
  56  4:41  Stimpack  
  56  4:42  SCV  
  59  4:46  Barracks  
  59  4:47  Starport Reactor  
  59  4:48  Barracks  
  59  4:51  SCV  
  59  4:53  Refinery  
  59  4:54  Refinery  
  59  4:56  Supply Depot  
  59  4:59  Supply Depot  
  59  5:01  Marine  
  59  5:04  SCV  
  61  5:07  Factory Reactor  
  61  5:11  SCV x2  
  61  5:13  Banshee, Supply Depot  
  66  5:14  Cloaking Field  
  66  5:18  SCV  
  67  5:21  Engineering Bay  
  67  5:22  Marine  
  67  5:23  SCV x2, Engineering Bay  
  70  5:30  SCV  
  70  5:31  Supply Depot  
  71  5:35  SCV, Barracks  
  71  5:36  Barracks, Marine  
  71  5:37  Marine  
  71  5:42  Orbital Command  
  74  5:44  SCV, Supply Depot  
  75  5:54  Factory Reactor  
  75  5:55  Marine  
  75  5:56  Banshee, Marine x4  
  83  6:00  Supply Depot  
  83  6:08  Terran Infantry Weapons Level 1  
  83  6:09  Terran Infantry Armor Level 1  
  83  6:13  Marine x2  
  83  6:14  Marine x2  
  83  6:16  Marine  
  88  6:23  Marine x2  
  89  6:31  Marine x4  
  78  6:45  SCV x2  
  78  6:46  Marine  
  76  6:49  Marine x3  
  77  6:56  Barracks Reactor  
  77  6:59  Starport Reactor  
  77  7:01  SCV  
  77  7:06  Marine x2  
  77  7:08  Widow Mine x2  
  79  7:14  SCV x2  
  79  7:15  Command Center, SCV  
  85  7:16  Armory, Refinery x2  
  85  7:21  Marine x3  
  89  7:26  SCV x2  
  89  7:27  Supply Depot x2, SCV  
  89  7:28  Marine x2  
  89  7:29  Combat Shields, Marauder  
  96  7:30  Concussive Shells  
  96  7:36  Widow Mine  
  96  7:38  SCV x2  
  96  7:40  SCV  
  101  7:46  Marine x4  
  101  7:47  Medivac x2, Marauder  
  101  7:48  Widow Mine  
  101  7:50  SCV x2, Marauder  
  117  7:53  SCV  
  117  7:55  Supply Depot  
  117  7:56  Supply Depot, Marine x2  
  117  7:57  Supply Depot  
  120  8:01  Barracks  
  120  8:02  Barracks  
  120  8:03  Barracks  
  120  8:05  Widow Mine  
  120  8:08  Marauder  
  120  8:12  Marauder  
  126  8:14  Marine x2  
  128  8:22  Marine x3  
  128  8:24  Medivac x2  
  128  8:26  SCV  
  136  8:29  Marauder  
  136  8:31  Terran Infantry Weapons Level 2, Terran Infantry Armor Level 2  
  136  8:32  Terran Vehicle Weapons Level 1  
  136  8:33  Supply Depot, Marauder  
  140  8:47  Marine x2  
  140  8:48  Marine x2  
  143  8:51  Marauder  
  143  8:52  Supply Depot, Barracks Tech Lab, Barracks Reactor x2  
  143  8:53  Barracks Tech Lab, Marine x2  
  143  8:54  Marauder  
  143  8:55  Medivac  
  152  8:58  Supply Depot  
  152  8:59  Supply Depot  
  152  9:03  Planetary Fortress  
  152  9:09  Marine x3  
  155  9:12  Marauder  
  155  9:14  Marine x3  
  155  9:15  Marauder  
  162  9:23  Marine x2  
  164  9:26  Marine  
  164  9:27  Marine  
  166  9:33  Marine x5  
  166  9:34  Marauder  
  166  9:36  Marauder  
  175  9:42  Marauder x2  
  168  9:46  Marine x3  
  168  9:47  Medivac  
  173  9:54  Starport, Marine x2  
  173  9:55  Marauder  
  173  9:57  Marauder  
  179  10:03  Command Center, Marauder x2  
  179  10:04  Command Center  
  182  10:09  Marine  
  182  10:13  Marine x2  
  182  10:14  Marine  
  174  10:16  Marauder  
  174  10:19  Marauder  
  172  10:24  Marauder, Marine  
  172  10:25  Marauder  
  172  10:27  Marine x3  
  180  10:34  Marine  
  180  10:35  Marine x2  
  182  10:38  Marine, Marauder  
  182  10:40  Marauder  
  182  10:42  Marine  
  169  10:45  Marine x3  
  169  10:46  Marauder x2  
  154  10:52  Marine x3  
  154  10:55  Command Center  
  154  10:56  Marine  
  155  10:59  Marauder  
  155  11:00  Marine  
  155  11:02  Marauder  
  155  11:03  Marine x3  
  163  11:07  Marauder x2  
  163  11:10  Marine x3  
  170  11:19  Starport Reactor  
  170  11:20  Marauder  
  170  11:23  Marauder  
  170  11:25  Marine x2  
  175  11:26  Command Center  
  175  11:29  Orbital Command, Marauder  
  178  11:34  Marauder, Marine  
  172  11:40  Marine x2  
  172  11:41  Marine  
  172  11:45  Marine  
  174  11:47  Marine x2  
Show
View Real Time Build Order
Export as new Build Order

Mariuslol Zerg 

Build Orders: Hatch First 

Get SALT Encoding   

  12  0:01  Drone  
  13  0:13  Overlord  
  13  0:18  Drone  
  14  0:32  Drone x2  
  16  0:37  Drone  
  17  0:55  Hatchery  
  16  0:58  Drone  
  16  1:02  Drone  
  18  1:07  Extractor  
  17  1:20  Spawning Pool  
  17  1:21  Drone  
  17  1:24  Drone  
  18  1:33  Drone  
  19  1:42  Overlord  
  19  2:07  Zergling x2  
  19  2:08  Queen x2, Zergling x4  
  26  2:16  Metabolic Boost  
  26  2:17  Drone  
  26  2:18  Drone  
  28  2:23  Drone  
  29  2:32  Overlord  
  29  2:41  Drone x2  
  30  2:47  Queen  
  32  2:51  Overlord  
  32  2:54  Drone  
  32  2:55  Drone  
  34  3:02  Drone  
  35  3:11  Drone x2  
  36  3:17  Hatchery  
  35  3:21  Drone x3  
  35  3:26  Drone x2  
  40  3:31  Drone  
  41  3:40  Overlord  
  41  3:41  Drone  
  42  3:44  Drone  
  43  3:50  Drone  
  43  3:51  Drone  
  45  3:55  Lair  
  45  3:56  Overlord  
  45  4:06  Extractor  
  45  4:07  Drone x2  
  45  4:09  Drone  
  47  4:10  Drone x2  
  49  4:19  Drone  
  49  4:20  Drone x3  
  49  4:24  Extractor  
  52  4:27  Extractor  
  51  4:31  Drone x2  
  51  4:32  Drone x4  
  51  4:33  Drone  
  58  4:39  Overlord  
  58  4:40  Drone, Roach Warren  
  58  4:41  Queen  
  60  4:45  Overlord  
  60  4:51  Drone x2, Extractor  
  61  4:58  Pneumatized Carapace  
  61  5:00  Drone x7  
  61  5:06  Drone  
  69  5:08  Drone  
  69  5:09  Nydus Network  
  69  5:16  Overlord  
  69  5:17  Overlord x2  
  69  5:20  Queen  
  71  5:23  Overseer  
  71  5:25  Roach x2  
  71  5:27  Roach  
  77  5:30  Roach  
  77  5:34  Spore Crawler  
  78  5:36  Drone x2  
  78  5:37  Drone x3  
  83  5:47  Roach x4  
  83  5:48  Roach x2  
  83  5:49  Glial Reconstitution  
  95  5:54  Evolution Chamber  
  95  5:55  Roach  
  96  6:02  Nydus Canal  
  96  6:03  Overseer  
  96  6:15  Overlord  
  96  6:16  Overlord x4  
  96  6:31  Overlord x2  
  96  6:32  Overlord x3  
  90  6:34  Queen x3  
  82  6:41  Overseer  
  82  6:45  Roach x3  
  82  6:46  Roach x3  
  88  6:50  Overlord  
  88  6:51  Zerg Missile Weapons Level 1  
  82  7:00  Drone x2  
  84  7:08  Spore Crawler, Roach x5  
  91  7:09  Evolution Chamber, Spore Crawler, Queen  
  93  7:20  Ravager x5  
  93  7:21  Roach x4  
  106  7:26  Hydralisk Den  
  106  7:27  Roach  
  106  7:28  Drone  
  108  7:42  Drone x2  
  109  7:46  Overlord  
  109  7:49  Zerg Ground Armor Level 1  
  109  7:57  Muscular Augments  
  109  8:06  Roach x8  
  109  8:07  Roach x3  
  109  8:08  Hatchery  
  128  8:13  Spore Crawler  
  128  8:16  Overseer, Roach x2  
  128  8:17  Overseer  
  128  8:19  Drone  
  128  8:23  Roach  
  128  8:26  Drone x2  
  131  8:33  Extractor  
  130  8:36  Hydralisk x4  
  138  8:46  Drone x3  
  141  8:56  Overlord, Hydralisk x3  
  141  8:58  Roach  
  149  9:05  Hydralisk x2  
  149  9:06  Roach  
  155  9:13  Drone x2  
  157  9:20  Overseer x2, Roach  
  157  9:23  Roach x5  
  169  9:24  Spore Crawler, Drone x2  
  169  9:30  Ravager x6  
  169  9:31  Ravager  
  177  9:35  Roach x2  
  177  9:37  Roach x3  
  175  9:51  Overlord  
  175  9:52  Roach  
  181  9:53  Roach x4  
  181  9:59  Hatchery  
  176  10:13  Roach  
  176  10:14  Roach x8  
  181  10:21  Roach x3  
  180  10:25  Drone  
  180  10:26  Drone x4  
  180  10:36  Roach  
  140  10:43  Roach x2  
  140  10:44  Roach x3  
  140  10:47  Roach x3  
  111  10:59  Drone  
  111  11:00  Drone x8  
  120  11:15  Ravager, Extractor  
  120  11:16  Ravager x5, Extractor  
  120  11:17  Roach x3  
  130  11:32  Hydralisk x2  
  130  11:33  Hydralisk x2  
  131  11:41  Roach x5  
  131  11:46  Roach x3  
Tags
 
Add a new tag
Caveats
  • Supply blocks, unpowered buildings, or Contaminate may cause inaccurate times.
  • Supply counts are checked every 10 seconds.